 Dungeon Crawl Stone Soup version 0.29-a0-330-g52719c12eb (webtiles) character file.

Game seed: 16005991133293519666

826 sking99 the Chopper (level 7, -10/55 HPs)
             Began as a Demonspawn Fighter on May 18, 2022.
             Mangled by an orc warrior
             ... wielding a +1 scimitar of holy wrath
              (30 damage)
             ... on level 4 of the Dungeon.
             The game lasted 00:09:24 (5462 turns).

sking99 the Chopper (Demonspawn Fighter)            Turns: 5462, Time: 00:09:24

Health: -10/55     AC: 11    Str: 18    XL:     7   Next: 64%
Magic:  7/7        EV:  9    Int: 10    God:
Gold:   274        SH:  5    Dex: 12    Spells: 6/6 levels left

rFire   . . .      SeeInvis .   a - +0 war axe
rCold   . . .      Faith    .   c - +0 buckler
rNeg    . . .      Spirit   .   b - +0 scale mail
rPois   .          Reflect  .   (helmet restricted)
rElec   .          Harm     .   (no cloak)
rCorr   .          Rampage  .   (no gloves)
Will    .....                   m - +1 pair of boots
Stlth   ..........              (no amulet)
HPRegen 0.18/turn               (no ring)
MPRegen 0.20/turn               (no ring)

@: marked
A: horns 1, magic regeneration, sharp scales 2
a: no special abilities


You were on level 4 of the Dungeon.
You visited 1 branch of the dungeon, and saw 5 of its levels.
You also visited: Sewer.

You collected 274 gold pieces.

Inventory:

Hand Weapons
 a - a +0 war axe (weapon)
Armour
 b - a +0 scale mail (worn)
 c - a +0 buckler (worn)
 m - a +1 pair of boots (worn)
Jewellery
 k - a ring of protection from cold
Wands
 r - a wand of mindburst (10) (quivered)
Scrolls
 e - 3 scrolls of blinking
 f - a scroll of identify
Potions
 d - a potion of might
 g - a potion of attraction {unknown}
 h - a potion of brilliance {unknown}
 i - 2 potions of mutation
 j - 7 potions of curing
 l - 2 potions of degeneration {unknown}
 n - a potion of haste {unknown}
 o - a potion of lignification
 p - a potion of heal wounds {unknown}
 t - a potion of ambrosia {unknown}


   Skills:
 + Level 4.8 Fighting
 * Level 5.2 Axes
 + Level 4.3 Armour
 + Level 4.4 Shields


You had 6 spell levels left.
You didn't know any spells.
Your spell library contained the following spells:

 Spells                   Type           Power      Damage    Failure   Level
 Slow                     Hex            0%         N/A       83%         1
 Confusing Touch          Hex            0%         N/A       99%         3
 Vampiric Draining        Necr           0%         2d6       99%         3


Dungeon Overview and Level Annotations

Branches:
Dungeon (5/15)              Sewer (visited)
 Temple: D:4-7

Altars:
Ashenzari
Beogh

Annotations:
D:3 3 runed translucent doors, Losyloc's ghost, amateur OpCK; eyesofgods1's ghost, amateur DsGl; initializr's ghost, amateur DsEE
D:4 3 runed translucent doors, QuickerDeath's ghost, amateur GrEE


Innate Abilities, Weirdness & Mutations

You have a pair of small horns on your head.
You regenerate magic rapidly.
You are mostly covered in razor-sharp scales. (AC +2, Slay +2)


Message History

Found a ring mail.
A sourceless malevolence fills the Dungeon...
With a horrendous wail, an alarm goes off!
A sentinel's mark forms upon you.
You hear a shout! x4; You hear a bark!
You now have 274 gold pieces (gained 16).
Found a stone staircase leading down.
An orc comes into view. It is wielding a +0 flail.
An orc warrior comes into view.
It is wielding a +1 scimitar of holy wrath.
You see here a scroll of identify.
You hit the orc but do no damage. Your headbutt misses the orc.
The orc hits you with a +0 flail.
An orc priest comes into view. It is wielding a +0 short sword.
Unknown command.
An orc wizard comes into view. It is wielding a +0 dagger.
You see here 21 stones.
There is a stone staircase leading up, spattered with blood here.
The orc warrior misses you.
You climb upwards.
Level annotation: 3 runed translucent doors, QuickerDeath's ghost, amateur GrEE
There is a stone staircase leading down here.
You hit the orc warrior.
The orc warrior is moderately wounded.
The orc warrior closely misses you.
You barely miss the orc warrior.
The orc warrior is moderately wounded.
The orc warrior closely misses you. The orc warrior barely misses you.
You completely miss the orc warrior.
The orc warrior is moderately wounded.
The orc warrior hits you with a +1 scimitar of holy wrath!
You convulse.
You closely miss the orc warrior.
The orc warrior is moderately wounded.
The orc warrior hits you but does no damage.
You barely miss the orc warrior. Your headbutt misses the orc warrior.
The orc warrior is moderately wounded.
The orc warrior hits you with a +1 scimitar of holy wrath!!
You convulse!!
Ouch! That really hurt!
You die...

######......#.######### ####
#...##.####....##...... ...#
###.#.##.#...........###. .######
#...#....#.#.........# #. '#....#
#.#####.......#.#.##.# #. _#....#
#...#....####.#.#.##.# #. ##....#
##..#..#.# #.#.#....###. .....##
#.....#.####.#'......##. .....#
#.....#@o........#†#.##. ....##
##...#######.....#.#.... ##..#
#.#.## ##....###.###..
.#..#######....####.....#.).).#..
.........[).......'...###.###.###
....#######....####...#...# #..)#
#.#.# #.#.## ##..###.###.###
....# #.### ##...#.....#.. #.###
##.###### ##..###.###.#


You could see an orc warrior.

Vanquished Creatures
  2 ogres (D:5)
  2 necrophages (D:4)
  2 scorpions (D:4)
  A bullfrog (Sewer)
  A jelly (D:4)
  2 iguanas (D:4)
  A river rat (D:3)
  10 adders
  3 worms (D:3)
  4 dart slugs
  An orc (D:4)
  20 endoplasms
  15 giant cockroaches
  8 goblins
  14 hobgoblins
  11 jackals
  16 quokkas
  13 ball pythons
  4 bats
  16 frilled lizards
  3 kobolds
  11 rats
160 creatures vanquished.

Vanquished Creatures (others)
  14 plants (D:2)
14 creatures vanquished.

Grand Total: 174 creatures vanquished

Notes
Turn   | Place    | Note
-------+----------+-------------------------------------------
     0 | D:1      | sking99 the Demonspawn Fighter began the quest for the Orb.
     0 | D:1      | Reached XP level 1. HP: 18/18 MP: 1/1
    55 | D:1      | Reached skill level 2 in Axes
   115 | D:1      | Gained mutation: You are partially covered in razor-sharp
                  | scales. (AC +1, Slay +1) [demonic ancestry]
   115 | D:1      | Reached XP level 2. HP: 24/24 MP: 2/2
   426 | D:1      | Reached XP level 3. HP: 27/29 MP: 3/3
   600 | D:1      | Found a faded altar of an unknown god.
  1253 | D:2      | Gained mutation: You are mostly covered in razor-sharp
                  | scales. (AC +2, Slay +2) [demonic ancestry]
  1253 | D:2      | Reached XP level 4. HP: 35/35 MP: 4/4
  1315 | D:2      | Reached skill level 3 in Axes
  2117 | D:3      | Gained mutation: You have a pair of small horns on your
                  | head. [demonic ancestry]
  2117 | D:3      | Reached XP level 5. HP: 29/42 MP: 5/5
  2131 | D:3      | Found a glowing drain.
  2135 | Sewer    | Entered a sewer
  2734 | Sewer    | Reached XP level 6. HP: 43/48 MP: 6/6
  3020 | D:3      | Found a runed translucent gate.
  3020 | D:3      | Found a runed translucent gate.
  3020 | D:3      | Found a runed translucent gate.
  3021 | D:3      | Noticed initializr's ghost (amateur DsEE)
  3022 | D:3      | Noticed eyesofgods1's ghost (amateur DsGl)
  3022 | D:3      | Noticed Losyloc's ghost (amateur OpCK)
  3307 | D:3      | Reached skill level 4 in Axes
  3680 | D:4      | Found the +3 hat of Pondering {ponderous, Will+ MP+10
                  | Int+5}
  3685 | D:4      | Found a runed translucent gate.
  3686 | D:4      | Found a runed translucent gate.
  3686 | D:4      | Found a runed translucent gate.
  3699 | D:4      | Noticed QuickerDeath's ghost (amateur GrEE)
  4099 | D:4      | Found a broken altar of Ashenzari.
  4226 | D:4      | Gained mutation: You regenerate magic rapidly. [demonic
                  | ancestry]
  4226 | D:4      | Reached XP level 7. HP: 39/55 MP: 7/7
  5128 | D:5      | Entered Level 5 of the Dungeon
  5274 | D:5      | Reached skill level 5 in Axes
  5462 | D:4      | Mangled by an orc warrior

Illustrated notes

Levels and vault maps discovered:
D:1:      minmay_arrival_wavy_path, layout_basic,
          hellmonk_ecumenical_altar_defaced_shrine, minmay_indecisive_spiral
D:2:      layout_rooms, serial_bayou, serial_bayou_pond_b, serial_bayou_pond_c,
          serial_bayou_lagoon_a, serial_bayou_ford_a, serial_bayou_pond_c
D:3:      layout_loops_cross, gammafunk_ghost_cemetery, gup_sewer_entry_spiral
D:4:      layout_loops_corners, ashenzari_conservatory_becter,
          gammafunk_ghost_split, minmay_quantized
D:5:      layout_basic, uniq_crazy_yiuf_cottage

Skill      XL: |  1  2  3  4  5  6  7 |
---------------+----------------------+-----
Axes           | 2 3 4 5 |  5.2
Shields        | 3 4 |  4.4
Armour         | 3 4 |  4.3
Fighting       | 4 |  4.8

Action                   |  1- 3 |  4- 6 |  7- 9 || total
-------------------------+-------+-------+-------++-------
Melee: War axe           |   125 |   295 |    38 ||   458
       Headbutt          |       |    31 |     5 ||    36
Evoke: Wand              |       |       |     5 ||     5
  Use: Scroll            |       |     8 |     1 ||     9
Armor: Scale mail        |    51 |   149 |    11 ||   211
Dodge: Dodged            |    64 |   134 |    19 ||   217
Block: Buckler           |    25 |    75 |     7 ||   107

Table legend: (Time is in decaauts)
 A = Elapsed time spent in this place.
 B = Non-inter-level travel time spent in this place.
 C = Inter-level travel time spent in this place.
 D = Time resting spent in this place.
 E = Time spent auto-exploring this place.
 F = Levels seen in this place.
 G = Mean time per level.
                   A        B        C        D        E       F      G
               +--------+--------+--------+--------+--------+-----+--------+
         Total |   5790 |   5533 |    257 |   1258 |   2866 |   6 |  965.0 |
       Dungeon |   4923 |   4666 |    257 |    870 |   2737 |   5 |  984.6 |
         Sewer |    867 |    867 |      0 |    388 |    129 |   1 |  867.0 |
               +--------+--------+--------+--------+--------+-----+--------+

Top non-repeatable levels by time:
     D:4: 1776 daAuts
     D:1: 1152 daAuts
     D:2: 906 daAuts
     D:3: 889 daAuts
   Sewer: 867 daAuts
     D:5: 199 daAuts
